 Dungeon Crawl Stone Soup version 0.30-a0-172-gc5509c9e31 (webtiles) character file.

Game seed: 6089096517763815815

1556 DanyWose the Slasher (level 8, -4/61 HPs)
             Began as a Demonspawn Gladiator on Oct 1, 2022.
             Was a Plaything of Xom.
             Slain by an acid dragon (8 damage)
             ... on level 5 of the Dungeon.
             The game lasted 00:39:50 (5794 turns).

DanyWose the Slasher (Demonspawn Gladiator)         Turns: 5794, Time: 00:39:51

Health: -4/61      AC:  7    Str: 16 (17) XL:     8   Next: 58%
Magic:  8/8        EV:  5    Int:  7 (10) God:    Xom [.*....]
Gold:   249        SH:  0    Dex: 10 (14) Spells: 7/7 levels left

rFire   . . .      SeeInvis +    a - +1 long sword
rCold   . . .      Faith    .    (no shield)
rNeg    . . .      Spirit   .    I - +0 plate armour
rPois   .          Reflect  .    c - +0 helmet
rElec   .          Harm     .    B - scarf {repulsion}
rCorr   .          Rampage  .    L - +0 pair of gloves
Will    .....                    (no boots)
Stlth   ..........               (no amulet)
HPRegen 0.30/turn                m - ring of see invisible
MPRegen 0.11/turn                y - +4 ring of protection

@: corroded, invisible, repel missiles, unable to read, unable to drink
A: slimy green scales 1, powered by death 1, weakness stinger 2, deformed body,
deterioration 1, high MP 1, screaming 1, inability to drink after injury 1,
inability to read after injury 1
a: Renounce Religion


You were on level 5 of the Dungeon.
You worshipped Xom.
You were a plaything of Xom.
You visited 1 branch of the dungeon, and saw 5 of its levels.
You also visited: Sewer.

You collected 249 gold pieces.

Inventory:

Hand Weapons
 a - a +1 long sword (weapon)
 o - a +0 flail
 p - a +3 dagger
 q - a +0 morningstar
 r - a +0 longbow
 x - a +2 antimagic spear
 D - a +0 spear
 M - a +0 giant club
 N - a +2 short sword of protection
 O - a +1 halberd of protection
 P - a +0 hand crossbow
 Q - a +0 shortbow
 S - a +4 war axe of draining
Missiles
 d - 3 throwing nets (quivered)
 e - a javelin
 g - 15 poisoned darts
 j - 42 stones
 n - 3 curare-tipped darts
 F - 3 atropa-tipped darts
Armour
 b - a +0 leather armour
 c - a +0 helmet (worn)
 f - a +0 ring mail
 s - a +0 robe
 t - a +0 ring mail
 B - a scarf of repulsion (worn)
 E - a +0 chain mail
 I - a +0 plate armour (worn)
 L - a +0 pair of gloves (worn)
 R - a +1 leather armour of cold resistance
Magical Staves
 C - a staff of earth
 G - a staff of fire
 J - a staff of conjuration
Jewellery
 m - a ring of see invisible (left hand)
 v - a ring of resist corrosion
 y - a +4 ring of protection (right hand)
Wands
 A - a wand of flame (11)
Scrolls
 h - 2 scrolls of magic mapping
 k - 4 scrolls of identify
Potions
 i - a potion of brilliance {unknown}
 l - 2 potions of haste {unknown}
 u - a potion of lignification {unknown}
 K - a potion of degeneration


   Skills:
 + Level 4.4 Fighting
 + Level 7.7 Long Blades
 + Level 2.0 Throwing
 + Level 4.1 Armour
 + Level 3.8 Dodging
 + Level 1.3 Stealth
 + Level 1.2 Evocations


You had 7 spell levels left.
You didn't know any spells.
Your spell library contained the following spells:

 Spells                   Type           Power      Damage    Failure   Level
 Fireball                 Conj/Fire      0%         3d3       100%        5
 Iskenderun's Battlesphe  Conj           0%         2d6       100%        5
 Summon Forest            Summ/Tloc      0%         N/A       100%        5
 Conjure Ball Lightning   Conj/Air       0%         3x3d6     100%        6
 Eringya's Noxious Bog    Tmut/Pois      0%         N/A       100%        6
 Orb of Destruction       Conj           0%         9d5       100%        7
 Summon Hydra             Summ           0%         N/A       100%        7
 Borgnjor's Revivificati  Necr           0%         N/A       100%        8
 Discord                  Hex            0%         N/A       100%        8
 Disjunction              Tloc           0%         N/A       100%        8
 Necromutation            Tmut/Necr      0%         N/A       100%        8
 Death's Door             Necr           0%         N/A       100%        9


Dungeon Overview and Level Annotations

Branches:
Dungeon (5/15)              Sewer (visited)
 Temple: D:4-7

Altars:
Xom

Annotations:
D:5 soark's ghost, novice DECj


Innate Abilities, Weirdness & Mutations

You are partially covered in slimy green scales. (AC +2)
You regenerate a little health from kills.
You have a tail ending in a sharp stinger.
Armour fits poorly on your strangely shaped body.
Your body sometimes deteriorates upon taking damage.
You have an increased reservoir of magic. (+10% MP)
You occasionally shout uncontrollably at your foes.
You occasionally lose the ability to drink potions when taking damage.
You occasionally lose the ability to read scrolls when taking damage.


Message History

You barely miss the orc. You punch the orc.
The orc is heavily wounded.
The acid dragon spits acid at you. The splash of acid hits you!!
The acid corrodes you! The orc barely misses you. The orc closely misses you.
It was a potion of degeneration.
There was something very wrong with that liquid.
You feel weakened.
You feel dopey.
You feel clumsy. The orc hits you with a +0 flail.
The orc hits you but does no damage.
It was a potion of invisibility.
You fade into invisibility!
An orc priest comes into view. It is wielding a +0 short sword.
The orc hits you with a +0 mace. The orc hits you but does no damage.
An orc comes into view.
It is wielding a +0 short sword of flaming.
You completely miss the acid dragon.
Your tail-slap misses the acid dragon.
The acid dragon bites you!
Your body deteriorates!
You feel clumsy. The acid dragon closely misses you.
The orc hits you with a +0 mace!
* * * LOW HITPOINT WARNING * * *
You hit the acid dragon but do no damage.
The acid dragon bites you.
* * * LOW HITPOINT WARNING * * *
The acid dragon claws you but does no damage.
The orc barely misses you.
You closely miss the acid dragon.
Your tail-slap misses the acid dragon.
The acid dragon bites you but does no damage.
The acid dragon barely misses you. The orc barely misses you.
You hit the acid dragon.
The acid dragon is lightly wounded.
The acid dragon spits acid at you. The splash of acid hits you!
You feel threatened and lose the ability to read scrolls!
You feel threatened and lose the ability to drink potions!
* * * LOW HITPOINT WARNING * * *
The acid corrodes you! The orc hits you but does no damage.
You hear a shout! x2
You barely miss the orc.
Your tail-slap misses the orc.
The orc is heavily wounded.
The acid dragon bites you!
You die...

#.# #.#
#.##.# #.#
#.# #.##.#
# #.# #.#
#.##.# #
#.#
#.###.##D#
# #.#
#..#...#.#
# #.#
##.#.#.#.#
######.#
#...#.#
...†...#
###D#.#
.#######
#@# .# #o#
.# #o# .#


#oo.oo# .# ...oo#### ....... #### ####### You could see an acid dragon (unable
to see you) and 4 orcs.

Vanquished Creatures
  A hog (D:5)
  A water moccasin (Sewer)
  A swamp drake (D:5)
  An ogre (D:4)
  A centaur (D:5)
  A phantom (D:4)
  3 scorpions
  3 jellies
  2 hounds
  Jessica (D:2)
  4 iguanas
  3 adders
  3 river rats (D:4)
  3 white imps (D:5)
  2 worms
  5 dart slugs
  7 orcs
  7 ball pythons
  A bat (D:1)
  5 endoplasms
  5 giant cockroaches
  3 goblins
  10 hobgoblins
  9 jackals
  2 quokkas
  3 frilled lizards
  9 kobolds
  4 rats
100 creatures vanquished.

Vanquished Creatures (collateral kills)
  A yak (D:4)
  A swamp drake (D:4)
  A necrophage (D:4)
3 creatures vanquished.

Vanquished Creatures (others)
  An ogre (D:5)
  An iguana (D:5)
  An adder (D:5)
  2 orcs (D:5)
5 creatures vanquished.

Grand Total: 108 creatures vanquished

Notes
Turn   | Place    | Note
-------+----------+-------------------------------------------
     0 | D:1      | DanyWose the Demonspawn Gladiator began the quest for the
                  | Orb.
     0 | D:1      | Reached XP level 1. HP: 16/16 MP: 1/1
   285 | D:1      | Found a faded altar of an unknown god.
   300 | D:1      | Gained mutation: You have a small tail. [demonic ancestry]
   300 | D:1      | Reached XP level 2. HP: 22/22 MP: 2/2
   833 | D:1      | Reached skill level 3 in Long Blades
  1300 | D:1      | Prayed at the altar of an unknown god.
  1300 | D:1      | Became a worshipper of Xom the Tricky
  1533 | D:2      | Gained mutation: You are partially covered in slimy green
                  | scales. (AC +2) [demonic ancestry]
  1533 | D:2      | Reached XP level 3. HP: 27/27 MP: 3/3
  1748 | D:2      | Noticed Jessica
  1767 | D:2      | Killed Jessica
  1768 | D:2      | Reached XP level 4. HP: 15/33 MP: 4/4
  2268 | D:2      | XOM: noise
  2344 | D:2      | XOM: scenery: summon butterflies
  2467 | D:3      | XOM: enchant monster (bad)
  2548 | D:3      | XOM: stat loss: -1 Str (16/17)
  2687 | D:3      | XOM: 8-stop teleportation journey
  2716 | D:3      | XOM is BORED!
  2716 | D:3      | XOM: give mutations
  2716 | D:3      | Gained mutation: You are vulnerable to heat. (rF-) [Xom's
                  | mischief]
  2716 | D:3      | Gained mutation: You occasionally shout uncontrollably at
                  | your foes. [Xom's mischief]
  2716 | D:3      | Gained mutation: Armour fits poorly on your strangely
                  | shaped body. [Xom's mischief]
  2726 | D:3      | Reached skill level 1 in Armour
  3039 | D:3      | XOM: summons 1 hostile shadow creature
  3192 | D:3      | XOM: silly message
  3375 | D:4      | Reached skill level 4 in Long Blades
  3375 | D:4      | Reached XP level 5. HP: 30/39 MP: 5/5
  3512 | D:4      | Found a glowing drain.
  3644 | D:4      | XOM is BORED!
  3645 | Sewer    | Entered a sewer
  3665 | Sewer    | XOM: god gift: ivory ring {god gift}
  3679 | Sewer    | Noticed a water moccasin
  3682 | Sewer    | Killed a water moccasin
  3683 | Sewer    | Gained mutation: You regenerate a little health from kills.
                  | [demonic ancestry]
  3683 | Sewer    | Reached XP level 6. HP: 46/46 MP: 6/6
  3805 | D:4      | XOM: scenery: 1 doors open
  4161 | D:4      | Reached skill level 5 in Long Blades
  4441 | D:4      | Noticed a yak
  4445 | D:4      | XOM: fog
  4448 | D:4      | XOM: cleaving
  4456 | D:4      | Gained mutation: You have a tail ending in a sharp stinger.
                  | [demonic ancestry]
  4456 | D:4      | Reached XP level 7. HP: 31/52 MP: 7/7
  4545 | D:4      | XOM: cleaving
  4567 | D:4      | XOM: enchant monster (good)
  4593 | D:4      | XOM: fake destruction
  4596 | D:4      | XOM: polymorph scorpion -> swamp drake
  4598 | D:4      | XOM: confuse monster(s)
  4600 | D:4      | XOM: cast spell 'Summon Dragon'
  4605 | D:4      | Reached skill level 6 in Long Blades
  4717 | D:4      | Killed a yak
  4718 | D:4      | Reached skill level 1 in Evocations
  4835 | D:4      | XOM: 7-stop teleportation journey
  4858 | D:4      | XOM: scenery: 1 doors close
  4895 | D:4      | XOM: god gift: hand crossbow {god gift}
  5017 | D:5      | Entered Level 5 of the Dungeon
  5020 | D:5      | XOM: swap monsters
  5091 | D:5      | Reached XP level 8. HP: 50/60 MP: 8/8
  5126 | D:5      | Found a transporter.
  5126 | D:5      | Found a transporter.
  5126 | D:5      | Identified the +8 great mace of True Grit {freeze, Fly
                  | rElec Str+2}
  5126 | D:5      | Noticed soark's ghost (novice DECj)
  5126 | D:5      | XOM: 3-stop teleportation journey
  5137 | D:5      | XOM: swap monsters
  5148 | D:5      | Reached skill level 7 in Long Blades
  5252 | D:5      | XOM: torment (30/60 hp)
  5253 | D:5      | XOM: polymorph ogre -> golden eye
  5254 | D:5      | XOM: polymorph ogre -> hog
  5271 | D:5      | Reached skill level 1 in Stealth
  5302 | D:5      | XOM: 2-stop teleportation journey
  5537 | D:5      | XOM: give mutations
  5537 | D:5      | Gained mutation: Your body sometimes deteriorates upon
                  | taking damage. [Xom's mischief]
  5537 | D:5      | Gained mutation: You occasionally lose the ability to drink
                  | potions when taking damage. [Xom's mischief]
  5537 | D:5      | Gained mutation: You sometimes lose the ability to drink
                  | potions when taking damage. [Xom's mischief]
  5564 | D:5      | XOM: swap monsters
  5566 | D:5      | XOM: give mutations
  5566 | D:5      | Gained mutation: You have an increased reservoir of magic.
                  | (+10% MP) [Xom's mischief]
  5566 | D:5      | Lost mutation: You are vulnerable to heat. (rF-) [Xom's
                  | mischief]
  5566 | D:5      | Lost mutation: You sometimes lose the ability to drink
                  | potions when taking damage. [Xom's mischief]
  5566 | D:5      | Gained mutation: You occasionally lose the ability to read
                  | scrolls when taking damage. [Xom's mischief]
  5568 | D:5      | XOM: polymorph hound -> swamp drake
  5580 | D:5      | XOM: fog
  5586 | D:5      | XOM: silly message
  5632 | D:5      | Found a shimmering altar of Xom.
  5794 | D:5      | Slain by an acid dragon

Illustrated notes

Levels and vault maps discovered:
D:1:      lightli_arrival_noodles, layout_basic,
          hellmonk_ecumenical_altar_arch_garden, minmay_misc_feat_five,
          dk_noncrumbling_3
D:2:      minmay_general_purpose_star, layout_loops_ring, uniq_jessica
D:3:      layout_basic, grunt_ministairs_1
D:4:      minmay_clustersquares, layout_basic, portal_sewer_entry_c, st_stairs_6
D:5:      layout_loops_ring, xom_confusion_cloud, nemelex_diamond_rough_becter,
          minmay_temple_entry_overgrown, gammafunk_ghost_smash

Skill      XL: |  1  2  3  4  5  6  7  8 |
---------------+-------------------------+-----
Dodging        | 3 |  3.8
Long Blades    | 3 4 5 6 7 |  7.7
Throwing       | 2 |  2.0
Armour         | 1 2 3 4 |  4.1
Fighting       | 3 4 |  4.4
Evocations     | 1 |  1.2
Stealth        | 1 |  1.3

Action                   |  1- 3 |  4- 6 |  7- 9 || total
-------------------------+-------+-------+-------++-------
Melee: Long sword        |    77 |   144 |   117 ||   338
       Tailslap          |     8 |    11 |    21 ||    40
       Punch             |       |     1 |     3 ||     4
Evoke: Wand              |       |     5 |     6 ||    11
  Use: Scroll            |     5 |     2 |       ||     7
       Potion            |       |       |     7 ||     7
 Stab: Confused          |       |       |     4 ||     4
Armor: Ring mail         |    29 |    40 |       ||    69
       Plate armour      |       |    13 |    86 ||    99
Dodge: Dodged            |    45 |    81 |    56 ||   182

Table legend: (Time is in decaauts)
 A = Elapsed time spent in this place.
 B = Non-inter-level travel time spent in this place.
 C = Inter-level travel time spent in this place.
 D = Time resting spent in this place.
 E = Time spent auto-exploring this place.
 F = Levels seen in this place.
 G = Mean time per level.
                   A        B        C        D        E       F      G
               +--------+--------+--------+--------+--------+-----+--------+
         Total |   5853 |   3568 |   2285 |   1137 |   1356 |   6 |  975.5 |
       Dungeon |   5725 |   3440 |   2285 |   1137 |   1356 |   5 | 1145.0 |
         Sewer |    128 |    128 |      0 |      0 |      0 |   1 |  128.0 |
               +--------+--------+--------+--------+--------+-----+--------+

Top non-repeatable levels by time:
     D:4: 1559 daAuts
     D:1: 1468 daAuts
     D:2: 1013 daAuts
     D:3: 904 daAuts
     D:5: 780 daAuts
   Sewer: 128 daAuts
